 Dungeon Crawl Stone Soup version 0.22-a0-456-g11ed031 (webtiles) character file.

224 galech the Skirmisher (level 6, -1/66 HPs)
             Began as an Ogre Berserker on June 6, 2018.
             Was a Believer of Trog.
             Slain by a goblin
             ... wielding a +0 dagger
             ... led by Robin
              (4 damage)
             ... on level 3 of the Dungeon.
             The game lasted 00:04:34 (3441 turns).

galech the Skirmisher (Ogre Berserker)              Turns: 3441, Time: 00:04:34

Health: -1/66      AC:  3    Str: 24    XL:     6   Next: 0%
Magic:  6/6        EV: 10    Int:  8    God:    Trog [**....]
Gold:   180        SH:  0    Dex:  8    Spells: 5/5 levels left

rFire    . . .     SeeInvis .   a - +0 mace
rCold    . . .     Gourm    .   (no shield)
rNeg     . . .     Faith    .   b - +0 animal skin
rPois    .         Spirit   .   (helmet restricted)
rElec    .         Reflect  .   (no cloak)
rCorr    .         Harm     .   (gloves unavailable)
MR       .....                  (boots unavailable)
Stlth    +.........             (no amulet)
HPRegen  0.21/turn              r - ring of wizardry
MPRegen  0.10/turn              (no ring)

@: berserk cooldown
A: large, unfitting armour, tough skin 1
a: Berserk, Trog's Hand, Renounce Religion


You were on level 3 of the Dungeon.
You worshipped Trog.
Trog was pleased with you.
You were hungry.

You visited 1 branch of the dungeon, and saw 3 of its levels.

You collected 180 gold pieces.

Inventory:

Hand Weapons
 a - a +0 mace (weapon)
Armour
 b - a +0 animal skin (worn)
Jewellery
 r - a ring of wizardry (left hand)
Scrolls
 e - a scroll of magic mapping {unknown}
 g - a scroll of blinking {unknown}
 h - 2 scrolls of identify {unknown}
 i - a scroll of immolation {unknown}
 j - 2 scrolls of enchant armour {unknown}
 k - a scroll of fog {unknown}
 l - a scroll of random uselessness {unknown}
 m - a scroll of noise {unknown}
 n - a scroll of amnesia {unknown}
 p - a scroll of remove curse {unknown}
 q - a scroll of enchant weapon {unknown}
Potions
 d - 2 potions of lignification {unknown}
 o - a potion of curing {unknown}
Comestibles
 c - 7 rations
 f - 6 chunks of flesh


   Skills:
 + Level 5.3 Fighting
 + Level 4.4 Maces & Flails
 + Level 3.7 Dodging
 + Level 0.7 Stealth


You had 5 spell levels left.
You didn't know any spells.
Your spell library was empty.

Dungeon Overview and Level Annotations

Branches:
Dungeon (3/15)

Altars:
Okawaru

Annotations:
D:3 Robin


Innate Abilities, Weirdness & Mutations

You are too large for most types of armour.
You have tough skin. (AC +1)


Message History

You hit the goblin but do no damage.
The goblin no longer looks unusually strong.
The goblin hits you but does no damage.
Robin says, "Kneel, worm!"
Robin roars a battlecry!
The goblins go into a battle-frenzy!
The goblin hits you with a dagger.
* * * LOW HITPOINT WARNING * * *
You closely miss the goblin. The hobgoblin hits you with a club.
* * * LOW HITPOINT WARNING * * *
The goblin hits you with a dagger.
* * * LOW HITPOINT WARNING * * *
The hobgoblin hits you with a club.
* * * LOW HITPOINT WARNING * * *
Unknown command.
You completely miss the goblin. The hobgoblin hits you with a club.
* * * LOW HITPOINT WARNING * * *
Robin points. "Kill!"
The goblin hits you with a dagger.
You die...

#.# # .. ###.# #.# .##.###.g..
#)# ........... #.# .####.....
..# #. ##.... ...# . ##.. ##g...
...... .##.. #..... ......######
...## ##g....
.♣....#.....g@####..# ##g..###
.♣.♣..<#..####ggogg..###.g..#
._.♣.♣..#..# #####g...#.÷#.##
.♣.♣.♣...#..## #.............#
♣.♣.♣...##...# #.###.##....###
.♣.♣.....#...###.# #.##......#
..♣...#..#.......###.###...#.##
..............#####..#...#....##
#.........#.## #.##.####.>..#


You could see Robin, an orc, 2 hobgoblins and 3 goblins.

Vanquished Creatures
  An orc priest (D:3)
  6 gnolls
  4 adders (D:2)
  3 oozes
  A worm (D:2)
  2 dart slugs
  2 leopard geckos (D:3)
  4 orcs
  3 giant cockroaches
  10 hobgoblins
  2 jackals (D:1)
  6 kobolds
  A ball python (D:3)
  9 bats
  A frilled lizard (D:1)
  14 goblins
  A quokka skeleton (D:2)
  6 rats
76 creatures vanquished.

Notes
Turn   | Place    | Note
-------+----------+-------------------------------------------
     0 | D:1      | galech the Ogre Berserker began the quest for the Orb.
     0 | D:1      | Reached XP level 1. HP: 24/24 MP: 1/1
    71 | D:1      | Reached XP level 2. HP: 15/32 MP: 2/2
   594 | D:1      | Reached XP level 3. HP: 38/40 MP: 3/3
  1062 | D:2      | Reached ** piety under Trog
  1167 | D:2      | Reached XP level 4. HP: 20/49 MP: 4/4
  2176 | D:2      | Reached skill level 5 in Fighting
  2176 | D:2      | Reached XP level 5. HP: 46/57 MP: 5/5
  3283 | D:3      | Found an iron altar of Okawaru.
  3395 | D:3      | Noticed Robin
  3437 | D:3      | Reached XP level 6. HP: 20/66 MP: 6/6
  3441 | D:3      | HP: 3/66 [hobgoblin/club[Robin] (6)]
  3441 | D:3      | Slain by a goblin

Vault maps used:
D:1:      dpeg_arrival_lava_temple_mockup, minmay_pentomino_t4
D:2:      minmay_door_path
D:3:      okawaru_trees_2, uniq_robin

Skill      XL: |  1  2  3  4  5 |
---------------+----------------+-----
Maces & Flails | 3 4 |  4.4
Dodging        | 3 |  3.7
Fighting       | 5 |  5.3
Stealth        | |  0.7

Action                   |  1- 3 |  4- 6 || total
-------------------------+-------+-------++-------
Melee: Mace              |    87 |   157 ||   244
Invok: Berserk           |     1 |     3 ||     4
 Stab: Sleeping          |       |     1 ||     1
  Eat: Chunk             |     2 |     9 ||    11
Armor: Animal skin       |    37 |    36 ||    73
Dodge: Dodged            |    49 |   100 ||   149

Table legend:
 A = Spawn XP
 B = Non-spawn XP
 C = Spawn XP percentage of total XP
 D = Spawn monster count
 E = Non-spawn monster count
 F = Spawn count percentage of total count
 G = Total turns spent on level
                    A         B        C        D         E        F      G
               +---------+---------+-------+---------+---------+-------+---------
         Total |       0 |     320 |   0.0 |       0 |      76 |   0.0 |  3441
               +---------+---------+-------+---------+---------+-------+---------
           D:1 |       0 |      72 |   0.0 |       0 |      25 |   0.0 |  1248
           D:2 |       0 |     154 |   0.0 |       0 |      31 |   0.0 |  1744
           D:3 |       0 |      94 |   0.0 |       0 |      20 |   0.0 |   449
               +---------+---------+-------+---------+---------+-------+---------
